 Seeded DCSS version 0.27.1-34-g3ba077fa99 (webtiles) character file.

Game seed: 12092574107127483836 (custom seed)

206 hikkokomori the Shield-Bearer (level 5, -6/47 HPs)
             Began as a Minotaur Fighter on Feb 4, 2022.
             Mangled by a gnoll (10 damage)
             ... on level 4 of the Dungeon.
             The game lasted 00:03:52 (2270 turns).

hikkokomori the Shield-Bearer (Minotaur Fighter)    Turns: 2270, Time: 00:03:53

Health: -6/47      AC:  7    Str: 22    XL:     5   Next: 53%
Magic:  4/4        EV:  8    Int:  5    God:
Gold:   37         SH: 10    Dex:  9    Spells: 4/4 levels left

rFire    . . .     SeeInvis .   a - +0 war axe
rCold    . . .     Faith    .   c - +0 kite shield
rNeg     . . .     Spirit   .   b - +0 scale mail
rPois    .         Reflect  .   (helmet restricted)
rElec    .         Harm     .   (no cloak)
rCorr    .         Rampage  .   (no gloves)
Will     .....                  (no boots)
Stlth    ..........             (no amulet)
HPRegen  0.15/turn              (no ring)
MPRegen  0.09/turn              (no ring)

@: about to teleport
A: horns 2, retaliatory headbutt
a: no special abilities


You were on level 4 of the Dungeon.
You visited 1 branch of the dungeon, and saw 4 of its levels.

You collected 107 gold pieces.
You spent 70 gold pieces at shops.

Inventory:

Hand Weapons
 a - a +0 war axe (weapon)
Armour
 b - a +0 scale mail (worn)
 c - a +0 kite shield (worn)
Wands
 h - a wand of digging (5)
Scrolls
 e - a scroll of enchant weapon {unknown}
 i - 3 scrolls of identify
 j - a scroll of noise {unknown}
 l - a scroll of enchant armour {unknown}
Potions
 d - 2 potions of might
 f - a potion of degeneration {unknown}
 m - a potion of flight {unknown}


   Skills:
 + Level 4.9 Fighting
 + Level 4.4 Axes
 - Level 4.0 Armour
 - Level 0.9 Dodging
 + Level 5.2 Shields


You had 4 spell levels left.
You didn't know any spells.
Your spell library was empty.

Dungeon Overview and Level Annotations

Branches:
Dungeon (4/15)
 Temple: D:4-7

Altars:

Shops:
D:3 ?


Innate Abilities, Weirdness & Mutations

You have a pair of horns on your head.
You reflexively headbutt those who attack you in melee.


Message History

You block the gnoll's attack.
The gnoll shaman mumbles some strange prayers to its god.
The gnoll shaman is healed somewhat.
You slash the gnoll shaman!
You headbutt the gnoll shaman, but do no damage.
The gnoll shaman is severely wounded.
You block the gnoll's attack.
The gnoll hits you from afar with a +0 halberd!
The gnoll shaman hits you with a +0 club!
The gnoll barely misses you.
Your scale mail prevents you from hitting the gnoll shaman.
Your headbutt misses the gnoll shaman.
The gnoll shaman is severely wounded.
You block the gnoll's attack.
The gnoll shaman hits you but does no damage.
The gnoll closely misses you.
The gnoll shaman prays to its god.
The gnoll shaman is healed somewhat.
You barely miss the gnoll shaman.
The gnoll shaman is heavily wounded.
The gnoll hits you from afar with a +0 halberd!
* * * LOW HITPOINT WARNING * * *
You block the gnoll's attack.
The gnoll shaman hits you with a +0 club.
* * * LOW HITPOINT WARNING * * *
You feel much better.
The gnoll hits you from afar with a +0 halberd.
You block the gnoll shaman's attack. You block the gnoll's attack.
Okay, then.
You closely miss the gnoll shaman. Your headbutt misses the gnoll shaman.
The gnoll shaman is heavily wounded.
The gnoll hits you from afar with a +0 halberd!
You block the gnoll shaman's attack. You block the gnoll's attack.
The gnoll shaman hits you with a +0 club!
* * * LOW HITPOINT WARNING * * *
Unknown command.
As you read the scroll of teleportation, it crumbles to dust.
You feel strangely unstable.
The gnoll hits you from afar with a +0 halberd!
You die...

############
...<.......#
##########.#######
.................#
##########.#####.#
### #.# #.# ..#
#.# #.# #.## #.#
#.# #..## #)# #@#
##..#### #.### #g#
.......###...###g#
#####.......<..#g#
##........)....#
#..............#
#.........[....#
##..............#
#...............#


You could see a gnoll shaman and 2 gnolls.

Vanquished Creatures
  An iguana (D:4)
  Ijyb (D:3)
  Natasha (D:4)
  2 gnolls (D:4)
  An adder (D:4)
  A worm (D:2)
  2 dart slugs (D:3)
  3 orcs (D:2)
  4 ball pythons
  5 endoplasms
  10 giant cockroaches
  6 goblins
  9 hobgoblins
  6 jackals
  5 quokkas
  9 bats
  2 frilled lizards (D:2)
  8 kobolds
  7 rats
83 creatures vanquished.

Notes
Turn   | Place    | Note
-------+----------+-------------------------------------------
     0 | D:1      | hikkokomori the Minotaur Fighter began the quest for the
                  | Orb.
     0 | D:1      | Reached XP level 1. HP: 19/19 MP: 0/0
   162 | D:1      | Reached XP level 2. HP: 26/27 MP: 1/1
   181 | D:1      | Reached skill level 4 in Shields
   407 | D:1      | You fall into a shaft and drop 1 floor!
   421 | D:2      | Reached XP level 3. HP: 33/33 MP: 2/2
   896 | D:3      | Reached XP level 4. HP: 38/40 MP: 3/3
   928 | D:3      | Found Haggouf's Magic Scroll Boutique.
   934 | D:3      | Bought a scroll of identify for 28 gold pieces
   934 | D:3      | Bought a scroll of teleportation for 42 gold pieces
   999 | D:3      | Noticed Ijyb
  1006 | D:3      | Killed Ijyb
  1309 | D:3      | Found a faded altar of an unknown god.
  2106 | D:4      | Reached skill level 5 in Shields
  2106 | D:4      | Reached XP level 5. HP: 47/47 MP: 4/4
  2150 | D:4      | Noticed Natasha
  2156 | D:4      | Killed Natasha
  2270 | D:4      | Mangled by a gnoll

Illustrated notes

Levels and vault maps discovered:
D:1:      dpeg_arrival_simpleton_b, layout_rooms, serial_corexii_hall,
          corexii_hall_statues_deadend, chequers_hall_statues_corner_a,
          minmay_misc_feat_pillars, minivault_11, minmay_misc_feat_four_crosses
D:2:      layout_rooms, minmay_misc_feat_alley, guppyfry_early_orc_mine
D:3:      layout_loops_corners, serial_shops, shop_fountains,
          hellmonk_ecumenical_altar_run_dry, hangedman_decor_growths, uniq_ijyb
D:4:      layout_rooms, uniq_grinder, uniq_sigmund, uniq_natasha

Skill      XL: |  1  2  3  4 |
---------------+-------------+-----
Shields        | 4 5 |  5.2
Armour         | 4 |  4.0
Axes           | 3 4 |  4.4
Fighting       | 4 |  4.9
Dodging        | |  0.9

Action                   |  1- 3 |  4- 6 || total
-------------------------+-------+-------++-------
Melee: War axe           |   120 |    74 ||   194
       Headbutt          |    10 |    15 ||    25
  Use: Scroll            |       |     5 ||     5
       Potion            |       |     1 ||     1
Armor: Scale mail        |    70 |    25 ||    95
Dodge: Dodged            |    39 |    25 ||    64
Block: Kite shield       |    71 |    48 ||   119
